[ AOE2 MATCH · #513584899 ]
UnrankedBulgarians vs Italians
Player's team · LOSS
Rival team · WIN
[ REPLAY ANALYSIS · EXTRACTED FROM THE RECORDED GAME ]
Feudal
8:51
Castle
22:01
Imperial
—
| APM avg | 86.2 |
| APM peak | 132 |
| eAPM avg | 43.9 |
| Villagers / military | 121 / 112 |
Focus
⚔️ 63.4% · 🌾 36.6%
Skirmisher ×56 · Knight ×27 · Monk ×11 · Cavalry Archer ×7 · Militia ×6 · Konnik ×3
Feudal
8:25
Castle
20:17
Imperial
37:20
| APM avg | 56.0 |
| APM peak | 99 |
| eAPM avg | 28.3 |
| Villagers / military | 121 / 83 |
Focus
⚔️ 57.8% · 🌾 42.2%
Ballestero montado ×28 · Knight ×23 · Skirmisher ×22 · Monk ×4 · Archer ×3 · Genoese Crossbowman ×2
Match map
Initial resources + every placement click. Lines = walls · curves = elevation contours. ◆ gold · ⬟ stone · ● berries · ✦ relic · ◌ wall gap
Your base· ✓ Closed at 22:01 · 33t walls · 1 gate(s)
DS_Dragonstar's base· Open — unwalled flank
Smoothed initial terrain · ◌ = detected wall gap · hover for details
Inputs per minute
— TAG_Sitaux - - DS_Dragonstar
Build order — TAG_Sitaux
First 150 of 405 actions detected
| 0:01 | Queue | Villager (Male) |
| 0:01 | Queue | Villager (Male) |
| 0:02 | Build | House |
| 0:03 | Build | House |
| 0:09 | Queue | Villager (Male) |
| 0:13 | Queue | Villager (Male) |
| 0:14 | Queue | Villager (Male) |
| 1:24 | Queue | Villager (Male) |
| 1:51 | Queue | Villager (Male) |
| 2:10 | Build | Lumber Camp |
| 2:27 | Queue | Villager (Male) |
| 2:27 | Queue | Villager (Male) |
| 2:47 | Queue | Villager (Male) |
| 3:04 | Queue | Villager (Male) |
| 3:04 | Queue | Villager (Male) |
| 3:33 | Queue | Villager (Male) |
| 3:33 | Queue | Villager (Male) |
| 3:49 | Build | House |
| 3:50 | Build | House |
| 3:59 | Queue | Villager (Male) |
| 3:59 | Queue | Villager (Male) |
| 4:23 | Queue | Villager (Male) |
| 5:01 | Queue | Villager (Male) |
| 5:20 | Build | Barracks |
| 5:24 | Queue | Villager (Male) |
| 5:40 | Queue | Villager (Male) |
| 6:14 | Research | Loom |
| 6:14 | Research | Loom |
| 6:39 | Research | Feudal Age |
| 6:39 | Research | Feudal Age |
| 6:54 | Build | Mining Camp |
| 7:03 | Queue | Militia |
| 7:17 | Queue | Militia |
| 7:17 | Queue | Militia |
| 7:17 | Queue | Militia |
| 7:45 | Queue | Militia |
| 7:45 | Queue | Militia |
| 8:16 | Build | House |
| 8:16 | Build | Palisade Wall |
| 8:40 | Queue | Villager (Male) |
| 8:45 | Build | Mill |
| 8:51 | Age | Feudal Age |
| 8:55 | Research | Double-Bit Axe |
| 8:55 | Research | Double-Bit Axe |
| 8:57 | Queue | Spearman |
| 9:10 | Queue | Villager (Male) |
| 9:24 | Queue | Villager (Male) |
| 9:45 | Build | Archery Range |
| 9:54 | Queue | Villager (Male) |
| 10:21 | Queue | Villager (Male) |
| 10:30 | Research | Horse Collar |
| 10:31 | Research | Horse Collar |
| 10:41 | Queue | Skirmisher |
| 10:42 | Queue | Villager (Male) |
| 10:44 | Build | Farm |
| 10:47 | Build | House |
| 10:48 | Build | House |
| 10:58 | Queue | Skirmisher |
| 11:04 | Build | Farm |
| 11:08 | Queue | Villager (Male) |
| 11:17 | Build | Palisade Gate |
| 11:18 | Build | Palisade Wall |
| 11:19 | Build | Palisade Wall |
| 11:34 | Queue | Villager (Male) |
| 11:36 | Build | Palisade Wall |
| 11:42 | Queue | Skirmisher |
| 11:59 | Build | Farm |
| 12:04 | Queue | Skirmisher |
| 12:08 | Queue | Villager (Male) |
| 12:08 | Queue | Villager (Male) |
| 12:10 | Build | Farm |
| 12:25 | Build | Farm |
| 12:27 | Queue | Villager (Male) |
| 12:42 | Queue | Skirmisher |
| 12:58 | Build | Farm |
| 12:59 | Queue | Villager (Male) |
| 13:05 | Build | House |
| 13:09 | Queue | Skirmisher |
| 13:18 | Build | Farm |
| 13:19 | Build | Farm |
| 13:26 | Build | Farm |
| 13:27 | Queue | Villager (Male) |
| 13:50 | Build | Blacksmith |
| 13:52 | Queue | Skirmisher |
| 13:54 | Queue | Villager (Male) |
| 13:59 | Build | Farm |
| 14:11 | Queue | Skirmisher |
| 14:33 | Queue | Villager (Male) |
| 14:34 | Research | Fletching |
| 14:35 | Research | Fletching |
| 14:39 | Build | House |
| 14:40 | Build | House |
| 14:53 | Queue | Skirmisher |
| 15:01 | Research | Scale Mail Armor |
| 15:03 | Queue | Villager (Male) |
| 15:04 | Build | Farm |
| 15:05 | Build | Farm |
| 15:06 | Build | Farm |
| 15:16 | Queue | Skirmisher |
| 15:37 | Queue | Villager (Male) |
| 15:42 | Research | Padded Archer Armor |
| 15:43 | Research | Padded Archer Armor |
| 15:46 | Build | House |
| 15:47 | Queue | Skirmisher |
| 15:54 | Queue | Skirmisher |
| 16:00 | Queue | Skirmisher |
| 16:05 | Queue | Villager (Male) |
| 16:20 | Build | House |
| 16:22 | Build | Lumber Camp |
| 16:25 | Queue | Villager (Male) |
| 16:26 | Build | Farm |
| 16:34 | Queue | Skirmisher |
| 16:45 | Build | House |
| 16:46 | Build | Palisade Wall |
| 16:52 | Build | Palisade Wall |
| 16:59 | Queue | Skirmisher |
| 17:02 | Queue | Villager (Male) |
| 17:04 | Queue | Spearman |
| 17:17 | Queue | Villager (Male) |
| 17:20 | Build | Farm |
| 17:22 | Build | House |
| 17:25 | Build | House |
| 17:25 | Build | House |
| 17:32 | Build | Farm |
| 17:40 | Queue | Villager (Male) |
| 17:43 | Build | Farm |
| 17:46 | Build | House |
| 17:50 | Build | Palisade Wall |
| 17:56 | Queue | Skirmisher |
| 17:56 | Queue | Villager (Male) |
| 18:08 | Build | Farm |
| 18:28 | Queue | Skirmisher |
| 18:45 | Queue | Villager (Male) |
| 19:01 | Build | House |
| 19:03 | Build | Palisade Wall |
| 19:04 | Build | Palisade Wall |
| 19:21 | Research | Castle Age |
| 19:22 | Research | Castle Age |
| 19:23 | Queue | Skirmisher |
| 19:23 | Queue | Skirmisher |
| 19:31 | Build | Archery Range |
| 19:45 | Queue | Skirmisher |
| 19:55 | Queue | Skirmisher |
| 20:00 | Queue | Skirmisher |
| 20:06 | Research | Scale Barding Armor |
| 20:06 | Research | Scale Barding Armor |
| 20:07 | Queue | Skirmisher |
| 20:08 | Research | Gold Mining |
| 20:09 | Research | Gold Mining |
| 20:15 | Build | House |
Build order — DS_Dragonstar
First 150 of 350 actions detected
| 0:00 | Queue | Villager (Male) |
| 0:02 | Build | House |
| 0:03 | Build | House |
| 0:05 | Queue | Villager (Male) ×3 |
| 1:35 | Queue | Villager (Male) |
| 1:59 | Queue | Villager (Male) |
| 2:24 | Queue | Villager (Male) |
| 2:40 | Build | Lumber Camp |
| 2:41 | Queue | Villager (Male) |
| 2:48 | Queue | Villager (Male) |
| 3:28 | Queue | Villager (Male) |
| 3:40 | Queue | Villager (Male) |
| 3:54 | Build | House |
| 4:07 | Queue | Villager (Male) |
| 4:20 | Queue | Villager (Male) ×2 |
| 4:25 | Research | Loom |
| 4:38 | Build | Palisade Wall |
| 4:39 | Build | Palisade Wall |
| 4:40 | Build | Palisade Wall |
| 4:40 | Build | Palisade Wall |
| 5:31 | Build | Mining Camp |
| 6:12 | Research | Feudal Age |
| 6:44 | Build | Palisade Wall |
| 6:45 | Build | House |
| 6:52 | Build | Palisade Wall |
| 7:21 | Build | Barracks |
| 7:31 | Build | Palisade Wall |
| 7:32 | Build | Palisade Wall |
| 7:36 | Queue | Villager (Male) |
| 7:46 | Build | Palisade Wall |
| 7:49 | Queue | Villager (Male) |
| 8:05 | Build | Palisade Wall |
| 8:09 | Build | Palisade Wall |
| 8:23 | Queue | Villager (Male) |
| 8:25 | Age | Feudal Age |
| 8:33 | Build | Archery Range |
| 8:34 | Research | Double-Bit Axe |
| 8:45 | Queue | Villager (Male) |
| 8:58 | Build | Palisade Wall |
| 9:10 | Build | Mill |
| 9:12 | Queue | Villager (Male) |
| 9:30 | Queue | Archer |
| 9:34 | Build | House |
| 9:45 | Queue | Spearman |
| 9:50 | Queue | Villager (Male) |
| 9:53 | Build | House |
| 9:56 | Build | Palisade Wall |
| 10:03 | Build | House |
| 10:11 | Build | House |
| 10:23 | Queue | Archer |
| 10:50 | Build | Palisade Wall |
| 10:55 | Queue | Villager (Male) |
| 11:11 | Build | Farm |
| 11:11 | Build | Farm |
| 11:13 | Build | Farm |
| 11:16 | Queue | Skirmisher |
| 11:18 | Queue | Villager (Male) |
| 11:22 | Build | Farm |
| 11:37 | Queue | Villager (Male) |
| 11:40 | Queue | Skirmisher |
| 11:44 | Queue | Archer |
| 12:03 | Queue | Villager (Male) |
| 12:11 | Queue | Villager (Male) |
| 12:25 | Queue | Villager (Male) |
| 12:51 | Queue | Villager (Male) |
| 12:52 | Build | Farm |
| 12:56 | Queue | Skirmisher |
| 13:03 | Queue | Villager (Male) |
| 13:06 | Build | Palisade Wall |
| 13:08 | Queue | Villager (Male) |
| 13:11 | Build | Blacksmith |
| 13:16 | Queue | Skirmisher |
| 13:21 | Queue | Villager (Male) |
| 13:27 | Queue | Villager (Male) |
| 13:31 | Build | House |
| 13:44 | Queue | Skirmisher |
| 13:48 | Build | Palisade Wall |
| 13:51 | Queue | Skirmisher |
| 13:51 | Queue | Villager (Male) |
| 13:54 | Build | Farm |
| 14:04 | Build | Lumber Camp |
| 14:10 | Queue | Skirmisher |
| 14:16 | Build | Palisade Wall |
| 14:17 | Build | Palisade Wall |
| 14:21 | Queue | Villager (Male) |
| 14:24 | Build | House |
| 14:36 | Queue | Villager (Male) |
| 14:42 | Queue | Skirmisher |
| 14:42 | Queue | Villager (Male) |
| 14:45 | Build | Farm |
| 15:14 | Queue | Villager (Male) |
| 15:18 | Build | Farm |
| 15:20 | Build | Farm |
| 15:32 | Queue | Villager (Male) |
| 16:05 | Queue | Villager (Male) |
| 16:20 | Build | Farm |
| 16:22 | Build | Farm |
| 16:34 | Queue | Villager (Male) |
| 16:38 | Build | Farm |
| 16:39 | Build | Farm |
| 16:43 | Build | Market |
| 16:44 | Build | House |
| 16:45 | Build | House |
| 17:19 | Build | Farm |
| 17:20 | Build | Farm |
| 17:37 | Research | Castle Age |
| 17:43 | Build | Archery Range |
| 17:50 | Build | Archery Range |
| 17:52 | Queue | Skirmisher |
| 18:00 | Build | House |
| 18:01 | Build | House |
| 18:02 | Build | House |
| 18:10 | Build | Palisade Wall |
| 18:25 | Queue | Skirmisher |
| 18:32 | Research | Fletching |
| 18:38 | Build | Stable |
| 19:01 | Queue | Skirmisher |
| 19:01 | Queue | Skirmisher |
| 19:04 | Research | Horse Collar |
| 19:20 | Build | Lumber Camp |
| 19:23 | Queue | Skirmisher |
| 19:23 | Queue | Skirmisher |
| 19:44 | Queue | Villager (Male) |
| 20:17 | Age | Castle Age |
| 20:23 | Research | Bodkin Arrow |
| 20:24 | Queue | Villager (Male) |
| 20:39 | Research | Elite Skirmisher (upgrade) |
| 20:43 | Research | Padded Archer Armor |
| 20:47 | Queue | Villager (Male) |
| 21:03 | Queue | Knight |
| 21:10 | Queue | Villager (Male) |
| 21:13 | Build | University |
| 21:20 | Research | Husbandry |
| 21:27 | Research | Scale Barding Armor |
| 21:27 | Research | Scale Barding Armor |
| 21:31 | Queue | Skirmisher |
| 21:32 | Queue | Skirmisher |
| 21:33 | Queue | Villager (Male) |
| 21:37 | Queue | Villager (Male) |
| 21:40 | Queue | Skirmisher |
| 21:40 | Queue | Skirmisher |
| 21:51 | Queue | Villager (Male) |
| 22:06 | Research | Bow Saw |
| 22:17 | Queue | Knight |
| 22:21 | Research | Ballistics |
| 22:21 | Research | Ballistics |
| 22:30 | Queue | Skirmisher |
| 22:31 | Queue | Skirmisher |
| 22:34 | Queue | Villager (Male) |
| 22:36 | Build | Farm |
Match timeline
| 4:38 | DS_Dragonstar · wall_segment Palisade Wall x1 |
| 4:39 | DS_Dragonstar · wall_segment Palisade Wall x1 |
| 4:40 | DS_Dragonstar · wall_segment Palisade Wall x1 |
| 4:40 | DS_Dragonstar · wall_segment Palisade Wall x1 |
| 5:20 | TAG_Sitaux · first_building Barracks |
| 6:44 | DS_Dragonstar · wall_segment Palisade Wall x2 |
| 6:52 | DS_Dragonstar · wall_segment Palisade Wall x4 |
| 7:21 | DS_Dragonstar · first_building Barracks |
| 7:31 | DS_Dragonstar · wall_segment Palisade Wall x4 |
| 7:32 | DS_Dragonstar · wall_segment Palisade Wall x1 |
| 7:46 | DS_Dragonstar · wall_segment Palisade Wall x1 |
| 8:05 | DS_Dragonstar · wall_segment Palisade Wall x1 |
| 8:09 | DS_Dragonstar · wall_segment Palisade Wall x1 |
| 8:16 | TAG_Sitaux · wall_segment Palisade Wall x1 |
| 8:25 | DS_Dragonstar · age_up feudal |
| 8:33 | DS_Dragonstar · first_building Archery Range |
| 8:51 | TAG_Sitaux · age_up feudal |
| 8:58 | DS_Dragonstar · wall_segment Palisade Wall x2 |
| 9:45 | TAG_Sitaux · first_building Archery Range |
| 9:56 | DS_Dragonstar · wall_segment Palisade Wall x2 |
| 10:50 | DS_Dragonstar · wall_segment Palisade Wall x1 |
| 11:18 | TAG_Sitaux · wall_segment Palisade Wall x1 |
| 11:19 | TAG_Sitaux · wall_segment Palisade Wall x1 |
| 11:36 | TAG_Sitaux · wall_segment Palisade Wall x1 |
| 13:06 | DS_Dragonstar · wall_segment Palisade Wall x1 |
| 13:48 | DS_Dragonstar · wall_segment Palisade Wall x1 |
| 14:16 | DS_Dragonstar · wall_segment Palisade Wall x1 |
| 14:17 | DS_Dragonstar · wall_segment Palisade Wall x1 |
| 16:46 | TAG_Sitaux · wall_segment Palisade Wall x7 |
| 16:52 | TAG_Sitaux · wall_segment Palisade Wall x1 |
| 17:50 | TAG_Sitaux · wall_segment Palisade Wall x19 |
| 18:10 | DS_Dragonstar · wall_segment Palisade Wall x6 |
| 18:38 | DS_Dragonstar · first_building Stable |
| 19:03 | TAG_Sitaux · wall_segment Palisade Wall x2 |
| 19:04 | TAG_Sitaux · wall_segment Palisade Wall x1 |
| 20:17 | DS_Dragonstar · age_up castle |
| 21:17 | TAG_Sitaux · first_building Stable |
| 22:01 | TAG_Sitaux · age_up castle |
| 24:58 | TAG_Sitaux · first_building Monastery |
| 27:12 | TAG_Sitaux · wall_segment Palisade Wall x1 |
| 28:41 | DS_Dragonstar · first_building Monastery |
| 29:48 | TAG_Sitaux · wall_segment Palisade Wall x1 |
| 32:26 | TAG_Sitaux · first_market_buy 100 food |
| 33:10 | TAG_Sitaux · first_building Krepost |
| 33:21 | TAG_Sitaux · wall_segment Palisade Wall x1 |
| 35:44 | DS_Dragonstar · first_market_buy 100 stone |
| 35:47 | DS_Dragonstar · first_building Castle |
| 36:42 | TAG_Sitaux · first_market_sell 500 wood |
| 37:20 | DS_Dragonstar · age_up imperial |
| 37:25 | TAG_Sitaux · resign |
[ AI ANALYSIS · 1 CREDIT ]
What really happened in this match?
Wolo.gg analyzes every decision: build order, eco, micro, common mistakes by bracket. Personalized analysis on WhatsApp or Discord in 30 seconds.
Civ guide
Bulgarians
Perfil
Jugador #212721